 Dungeon Crawl Stone Soup version 0.26-a0-490-gf8362a0c98 (webtiles) character file.

Game seed: 17120332981041718889

1682 KristoblXynda the Covert (level 8, -5/55 HPs)
             Began as a Vampire Gladiator on Aug 4, 2020.
             Shot with an arrow by a centaur (11 damage)
             ... on level 6 of the Dungeon.
             The game lasted 00:07:46 (4734 turns).

KristoblXynda the Covert (Vampire Gladiator)        Turns: 4734, Time: 00:07:47

Health: -5/55      AC:  3    Str: 18    XL:     8   Next: 71%
Magic:  8/8        EV: 11    Int: 11    God:
Gold:   448        SH:  0    Dex: 15    Spells: 7/7 levels left

rFire    . . .     SeeInvis +   a - +1 long sword
rCold    . . .     Faith    +   (no shield)
rNeg     . . .     Spirit   .   b - -1 ring mail (curse)
rPois    .         Reflect  .   c - +0 helmet
rElec    .         Harm     .   q - +0 cloak
rCorr    .         Rnd*Tele +   v - +2 pair of gloves {Str+3}
MR       .....                  o - +0 pair of boots (curse)
Stlth    +++.......             y - amulet of faith
HPRegen  0.38/turn              x - ring of teleportation (curse)
MPRegen  0.11/turn              B - -4 ring of evasion (curse)

@: corroded, regenerating quickly
A: fangs 3, see invisible, unbreathing
a: Exsanguinate


You were on level 6 of the Dungeon.
You visited 1 branch of the dungeon, and saw 6 of its levels.
You also visited: Ossuary.

You collected 448 gold pieces.

Inventory:

Hand Weapons
 a - a +1 long sword (weapon)
Missiles
 d - 3 throwing nets (quivered)
Armour
 b - a cursed -1 ring mail (worn)
 c - a +0 helmet (worn)
 o - a cursed +0 pair of boots (worn)
 q - a +0 cloak (worn)
 s - a +0 ring mail
 v - a +2 pair of gloves of strength (worn)
Jewellery
 x - a cursed ring of teleportation (left hand)
 y - an amulet of faith (around neck)
 B - a cursed -4 ring of evasion (right hand)
Wands
 h - a wand of digging (5)
 w - a wand of iceblast (2)
 E - a wand of clouds (7)
Scrolls
 e - 6 scrolls of amnesia
 j - 3 scrolls of teleportation
 t - a scroll of blinking
 C - a scroll of magic mapping
 D - 2 scrolls of enchant armour
Potions
 f - a potion of curing
 g - 3 potions of haste
 i - a potion of berserk rage
 k - a potion of lignification {unknown}
 m - a potion of brilliance {unknown}
 n - a potion of degeneration {unknown}
 p - 2 potions of might
 r - 4 potions of stabbing
 u - a potion of ambrosia
 z - a potion of mutation {unknown}
 A - a potion of heal wounds {unknown}


   Skills:
 - Level 1.7 Fighting
 + Level 6.3 Long Blades
 - Level 2.0 Throwing
 + Level 4.4 Armour
 + Level 6.8 Dodging
 + Level 8.4 Stealth


You had 7 spell levels left.
You didn't know any spells.
Your spell library contained the following spells:

 Spells                   Type           Power        Failure   Level
 Confusing Touch          Hex            #.......     87%         3
 Gell's Gravitas          Tloc           #.........   87%         3
 Petrify                  Tmut/Erth      #.......     99%         4
 Metabolic Englaciation   Hex/Ice        #.........   100%        5
 Yara's Violent Unravell  Hex/Tmut       #.........   100%        5


Dungeon Overview and Level Annotations

Branches:
Dungeon (6/15)             Temple (0/1) D:6         Ossuary (visited)

Altars:
Trog

Annotations:
D:3 2 transporters, YoungGLord's ghost, novice GrEE


Innate Abilities, Weirdness & Mutations

Your natural rate of healing is unusually fast.
You have razor-sharp teeth.
You have supernaturally acute eyesight. (SInv)
You can survive without breathing.


Message History

The jelly is lightly wounded.
The jelly hits you. The acid corrodes you!
You are splashed with acid!
* * * LOW HITPOINT WARNING * * *
Evoke which item? (* to show all) (? for menu, Esc to quit)
Aiming: Iceblast
Press: ? - help, Shift-Dir - straight line The mass of ice explodes!
The iceblast engulfs the jelly!
You kill the jelly!
You hear a shout!
A worker ant comes into view.
Unknown command.
A centaur comes into view.
The centaur wields a +0 shortbow of flaming.
It bursts into flame!
The centaur shoots an arrow.
The arrow hits you!
* * * LOW HITPOINT WARNING * * *
The arrow burns you.
* * * LOW HITPOINT WARNING * * *
You see here an arrow.
The centaur shoots an arrow.
The arrow hits you!
You die...

.a #. #. ########
#.###<.....#
..####........#.#
..............#.#
#.####...........
#....(.....#.#
#..##.@.#!..# #
#.#..#.#......#
...#....#..#.###
#....#....##..#
##......>.. ..c
##..##....# ..#
#.# .#.... .# #..
?#.#..# #.
.#...##.


You could see a centaur.

Vanquished Creatures
  Grinder (D:5)
  Sigmund (D:3)
  Edmund (D:5)
  2 ice beasts
  2 sky beasts (D:5)
  2 ogres
  2 scorpions
  A hound (D:5)
  2 orc priests
  A jelly (D:6)
  6 orc wizards
  Ijyb (D:5)
  3 worker ants (D:4)
  A big kobold zombie (Ossuary)
  4 mummies (Ossuary)
  A howler monkey skeleton (D:4)
  5 adders
  2 worms
  A dart slug (D:2)
  5 leopard geckos
  6 orcs
  A ball python (D:3)
  5 giant cockroaches
  3 hobgoblins
  6 jackals
  A quokka (D:5)
  4 bats
  4 frilled lizards
  2 gnoll zombies (Ossuary)
  3 goblins
  A goblin zombie (Ossuary)
  3 jackal zombies (Ossuary)
  4 kobolds
  2 kobold zombies (Ossuary)
  2 orc zombies (Ossuary)
  4 rats
  A rat zombie (Ossuary)
96 creatures vanquished.

Vanquished Creatures (others)
  4 toadstools (D:3)
4 creatures vanquished.

Grand Total: 100 creatures vanquished

Notes
Turn   | Place    | Note
-------+----------+-------------------------------------------
     0 | D:1      | KristoblXynda the Vampire Gladiator began the quest for the
                  | Orb.
     0 | D:1      | Reached XP level 1. HP: 16/16 MP: 1/1
   474 | D:1      | Reached skill level 1 in Stealth
   629 | D:2      | Reached XP level 2. HP: 22/22 MP: 2/2
  1056 | D:2      | Reached XP level 3. HP: 27/27 MP: 3/3
  1100 | D:2      | Reached skill level 2 in Stealth
  1145 | D:2      | Found a bloodstained altar of Trog.
  1148 | D:2      | Noticed an ice beast
  1222 | D:2      | Reached skill level 1 in Armour
  1269 | D:3      | Found a transporter.
  1269 | D:3      | Noticed YoungGLord's ghost (novice GrEE)
  1269 | D:3      | Noticed Sigmund
  1276 | D:3      | Killed Sigmund
  1276 | D:3      | Reached skill level 3 in Stealth
  1276 | D:3      | Reached XP level 4. HP: 27/33 MP: 4/4
  1276 | D:3      | Reached XP level 5. HP: 31/38 MP: 5/5
  1277 | D:3      | Found a transporter.
  1378 | D:3      | Reached skill level 4 in Stealth
  1389 | D:3      | Reached XP level 6. HP: 36/44 MP: 6/6
  2043 | D:2      | Killed an ice beast
  2150 | D:4      | Noticed an ice beast
  2168 | D:4      | Killed an ice beast
  2168 | D:4      | Reached skill level 5 in Dodging
  2168 | D:4      | Reached skill level 5 in Stealth
  2295 | D:4      | Reached XP level 7. HP: 49/49 MP: 7/7
  2900 | D:4      | Reached skill level 5 in Long Blades
  2900 | D:4      | Reached skill level 6 in Stealth
  3185 | D:5      | Entered Level 5 of the Dungeon
  3243 | D:5      | Noticed Ijyb
  3252 | D:5      | Noticed Edmund
  3267 | D:5      | Killed Ijyb
  3278 | D:5      | Killed Edmund
  3283 | D:5      | Reached skill level 7 in Stealth
  3283 | D:5      | Reached XP level 8. HP: 38/55 MP: 8/8
  3313 | D:5      | Found a sand-covered staircase.
  3321 | Ossuary  | Entered an ossuary
  3720 | D:5      | Noticed Grinder
  3768 | D:5      | Killed Grinder
  4049 | D:5      | Reached skill level 8 in Stealth
  4709 | D:6      | Found a staircase to the Ecumenical Temple.
  4734 | D:6      | Shot with an arrow by a centaur

Illustrated notes

Levels and vault maps discovered:
D:1:      roderic_crop_circles_arrival_small, layout_loops_ring
D:2:      layout_basic, trog_three_pillars_becter
D:3:      layout_loops_ring, gammafunk_ghost_arena, minmay_gold_behind_fungi,
          uniq_sigmund
D:4:      layout_loops_corners, palyth_stone_intersect, hex_tiny
D:5:      layout_basic, nicolae_ossuary_entry_plus, uniq_ijyb, uniq_grinder,
          uniq_edmund
D:6:      layout_loops_cross, grunt_temple_overflow_open, old_standard_altar,
          minmay_temple_entry_mini_moons

Skill      XL: |  1  2  3  4  5  6  7  8 |
---------------+-------------------------+-----
Stealth        | 1 3 4 5 7 8 |  8.4
Throwing       | 2 |  2.0
Armour         | 1 2 3 4 |  4.4
Long Blades    | 4 5 6 |  6.3
Dodging        | 4 5 6 |  6.8
Fighting       | |  1.7

Action                   |  1- 3 |  4- 6 |  7- 9 || total
-------------------------+-------+-------+-------++-------
Melee: Long sword        |    60 |    64 |   227 ||   351
       Bite              |    12 |     7 |    34 ||    53
Evoke: Wand              |       |       |     4 ||     4
  Use: Scroll            |     1 |     3 |    12 ||    16
 Stab: Sleeping          |     5 |     4 |     6 ||    15
Armor: Leather armour    |    11 |    11 |       ||    22
       Ring mail         |       |    17 |    85 ||   102
Dodge: Dodged            |    40 |    36 |   127 ||   203
       Rpst.: Long sword |     9 |    12 |    36 ||    57

Table legend: (Time is in decaauts)
 A = Elapsed time spent in this place.
 B = Non-inter-level travel time spent in this place.
 C = Inter-level travel time spent in this place.
 D = Time resting spent in this place.
 E = Time spent auto-exploring this place.
 F = Levels seen in this place.
 G = Mean time per level.
                   A        B        C        D        E       F      G
               +--------+--------+--------+--------+--------+-----+--------+
         Total |   4789 |   4647 |    142 |    497 |   2783 |   7 |  684.1 |
       Dungeon |   4416 |   4274 |    142 |    362 |   2702 |   6 |  736.0 |
       Ossuary |    373 |    373 |      0 |    135 |     81 |   1 |  373.0 |
               +--------+--------+--------+--------+--------+-----+--------+

Top non-repeatable levels by time:
     D:5: 1165 daAuts
     D:4: 1072 daAuts
     D:2: 842 daAuts
     D:3: 680 daAuts
     D:1: 627 daAuts
 Ossuary: 373 daAuts
     D:6: 27 daAuts
